 Dungeon Crawl Stone Soup version 0.30-a0-782-ge64f9170bb (webtiles) character file.

Game seed: 2923807798538537673

339 Crownlay the Insei (level 6, -6/39 HPs)
             Began as an Octopode Transmuter on Feb 26, 2023.
             Mangled by Menkaure (20 damage)
             ... on level 4 of the Dungeon.
             The game lasted 00:05:07 (3121 turns).

Crownlay the Insei (Octopode Transmuter)            Turns: 3121, Time: 00:05:07

Health: -6/39      AC:  1    Str: 10    XL:     6   Next: 55%
Magic:  4/9        EV: 18    Int: 17    God:
Gold:   170        SH:  0    Dex: 12    Spells: 3/9 levels left

rFire   . . .      SeeInvis .      - Unarmed
rCold   . . .      Faith    .    (no shield)
rNeg    . . .      Spirit   .    (helmet restricted)
rPois   .          Reflect  .    (no amulet)
rElec   .          Harm     .    e - +5 ring of evasion
rCorr   .          Rampage  .    p - ring of wizardry
Will    .....                    (no ring)
Stlth   +++                      (no ring)
HPRegen 0.26/turn                (no ring)
MPRegen 0.11/turn                (no ring)
                                 (no ring)
                                 (no ring)

@: no status effects
A: almost no armour, amphibious, 8 rings, camouflage 1, gelatinous body 1,
(nimble swimmer 1), tentacles
a: no special abilities


You were on level 4 of the Dungeon.
You visited 1 branch of the dungeon, and saw 4 of its levels.

You collected 170 gold pieces.

Inventory:

Jewellery
 e - a +5 ring of evasion (left tentacle)
 p - a ring of wizardry (right tentacle)
Wands
 r - a wand of light (5)
Scrolls
 f - a scroll of immolation {unknown}
 g - a scroll of identify {unknown}
 h - a scroll of butterflies {unknown}
 j - 2 scrolls of teleportation {unknown}
 k - a scroll of enchant armour {unknown}
 m - 2 scrolls of noise {unknown}
 s - 2 scrolls of enchant weapon {unknown}
Potions
 a - 2 potions of lignification
 b - 4 potions of curing {unknown}
 c - a potion of berserk rage {unknown}
 d - 4 potions of attraction {unknown}
 i - 3 potions of degeneration {unknown}
 l - 2 potions of might {unknown}
 n - a potion of magic {unknown}
 o - a potion of heal wounds {unknown}
 q - a potion of ambrosia {unknown}


   Skills:
 - Level 2.0 Fighting
 - Level 2.0 Dodging
 + Level 4.0 Stealth
 + Level 4.2 Unarmed Combat
 - Level 2.0 Spellcasting
 + Level 3.5 Transmutations
 + Level 1.9 Ice Magic
 + Level 2.4 Poison Magic


You had 3 spell levels left.
You knew the following spells:

 Your Spells              Type           Power      Damage    Failure   Level
a - Beastly Appendage     Tmut           26%        N/A       1%          1
b - Wereblood             Tmut           13%        N/A       2%          2
c - Spider Form           Tmut/Pois      11%        N/A       7%          3

Your spell library contained the following spells:

 Spells                   Type           Power      Damage    Failure   Level
 Slow                     Hex            4%         N/A       8%          1
 Ensorcelled Hibernation  Hex/Ice        8%         N/A       9%          2
 Lesser Beckoning         Tloc           2%         N/A       12%         2
 Confusing Touch          Hex            1%         N/A       22%         3
 Gell's Gravitas          Tloc           1%         N/A       22%         3
 Teleport Other           Tloc           1%         N/A       22%         3
 Vampiric Draining        Necr           1%         2d6       22%         3
 Ice Form                 Ice/Tmut       10%        N/A       26%         4
 Anguish                  Hex/Necr       0%         N/A       56%         4


Dungeon Overview and Level Annotations

Branches:
Dungeon (4/15)
 Temple: D:4-7

Altars:
Wu Jian

Annotations:
D:4 Menkaure


Innate Abilities, Weirdness & Mutations

You cannot wear most types of armour.
You are amphibious.
You can wear up to eight rings at the same time.
Your skin changes colour to match your surroundings (Stealth+).
Your rubbery body absorbs attacks. (AC +1, EV +1)
((You are camouflaged when in or above water. (Stealth+)))
You have tentacles for arms and can constrict up to eight enemies at once.


Message History

The adder misses you.
You hit the adder.
The adder is lightly wounded.
The white imp closely misses you. The adder completely misses you.
You hit the adder.
The adder is poisoned.
The adder is moderately wounded.
The adder completely misses you. The white imp completely misses you.
You closely miss the adder.
The adder is heavily wounded.
The adder closely misses you. The white imp completely misses you.
Menkaure casts a spell at you.
You barely resist. You hit the adder.
The adder looks as sick as possible!
The adder is almost dead.
The adder misses you. The white imp gestures at you.
The puff of frost misses you.
Your magical contamination has completely faded away.
You hit the white imp.
The white imp is poisoned.
The white imp is moderately wounded.
The adder bites you. The white imp completely misses you.
The adder completely misses you.
You bite the white imp!
The white imp is almost dead.
You kill the adder!
Menkaure points at you and mumbles some strange words.
Pain shoots through your body! The white imp gestures at you.
The puff of frost hits you.
You bite the white imp!
You kill the white imp!
Menkaure completely misses you.
Your Stealth skill increases to level 4!
You hit Menkaure but do no damage. You hit Menkaure.
Menkaure is moderately damaged.
Your transformation has ended.
Menkaure hits you!!
Ouch! That really hurt!
You die...

#..........# ##.##
#.......... #...#
#.........# #...#
#.........######...#
#.............##...#
#...>.........##...#
#.....†.!.....##...#
#......@......##...#
#.#####M##....##...#
#.####.......#.#.
..................
#.###......#..####.
..###......#.....
............##.####
..................#
.........######..


You could see Menkaure.

Vanquished Creatures
  An orc priest (D:3)
  2 iguanas (D:4)
  Terence (D:3)
  An orc wizard (D:3)
  Robin (D:3)
  4 adders
  3 gnolls (D:3)
  A white imp (D:4)
  A worm (D:3)
  10 orcs (D:3)
  5 ball pythons
  3 bats
  8 endoplasms
  5 giant cockroaches
  14 goblins
  10 hobgoblins
  14 jackals
  11 kobolds
  2 quokkas (D:1)
  5 frilled lizards
  5 rats
107 creatures vanquished.

Notes
Turn   | Place    | Note
-------+----------+-------------------------------------------
     0 | D:1      | Crownlay the Octopode Transmuter began the quest for the
                  | Orb.
     0 | D:1      | Reached XP level 1. HP: 13/13 MP: 3/3
    78 | D:1      | Reached skill level 1 in Stealth
    78 | D:1      | Reached XP level 2. HP: 15/18 MP: 3/5
   335 | D:1      | Reached XP level 3. HP: 15/23 MP: 4/6
   740 | D:1      | Learned a level 2 spell: Wereblood
   744 | D:1      | Learned a level 3 spell: Spider Form
   755 | D:1      | Found a faded altar of an unknown god.
  1147 | D:2      | Reached XP level 4. HP: 27/29 MP: 5/7
  1867 | D:3      | Noticed Terence
  1881 | D:3      | Killed Terence
  1882 | D:3      | Reached skill level 1 in Poison Magic
  1889 | D:3      | Reached XP level 5. HP: 31/34 MP: 3/8
  2093 | D:3      | Reached skill level 1 in Ice Magic
  2459 | D:3      | Found a faded altar of an unknown god.
  2459 | D:3      | Noticed Robin
  2657 | D:3      | Found an ornate altar of the Wu Jian Council.
  2776 | D:3      | Killed Robin
  2777 | D:3      | Reached XP level 6. HP: 25/39 MP: 9/9
  3110 | D:4      | Noticed Menkaure
  3121 | D:4      | Mangled by Menkaure

Illustrated notes

Levels and vault maps discovered:
D:1:      onia_arrival_mini_maze_b, layout_loops_ring,
          shapermc_ecumenical_altar_mp_vishouse, kennysheep_crisscross,
          serial_bayou_lake_a
D:2:      layout_loops_ring, minmay_fractal_squares_gapless_5
D:3:      layout_basic, nicolae_overflow_ecumenical_swirl, uniq_terence,
          uniq_robin
D:4:      layout_basic, temple_fountains, uniq_menkaure

Skill      XL: |  1  2  3  4  5  6 |
---------------+-------------------+-----
Stealth        | 1 2 3 4 |  4.0
Fighting       | 2 |  2.0
Poison Magic   | 1 2 |  2.4
Transmutations | 3 |  3.5
Ice Magic      | 1 |  1.9
Unarmed Combat | 4 |  4.2
Dodging        | |  2.0
Spellcasting   | |  2.0

Action                     |  1- 3 |  4- 6 || total
---------------------------+-------+-------++-------
  Melee: Unarmed           |    77 |   154 ||   231
         Kick              |    20 |    21 ||    41
         Constrict         |    20 |    30 ||    50
         Tentacles         |    10 |    18 ||    28
         Punch             |     3 |     6 ||     9
   Cast: Beastly Appendage |    20 |    34 ||    54
         Spider Form       |       |     5 ||     5
         Wereblood         |       |     2 ||     2
   Stab: Sleeping          |    11 |    13 ||    24
 Armour: Skin              |     5 |     4 ||     9
  Dodge: Dodged            |    46 |   110 ||   156

Table legend: (Time is in decaauts)
 A = Elapsed time spent in this place.
 B = Non-inter-level travel time spent in this place.
 C = Inter-level travel time spent in this place.
 D = Time resting spent in this place.
 E = Time spent auto-exploring this place.
 F = Levels seen in this place.
 G = Mean time per level.
                   A        B        C        D        E       F      G
               +--------+--------+--------+--------+--------+-----+--------+
         Total |   3104 |   2903 |    201 |      0 |   2248 |   4 |  776.0 |
       Dungeon |   3104 |   2903 |    201 |      0 |   2248 |   4 |  776.0 |
               +--------+--------+--------+--------+--------+-----+--------+

Top non-repeatable levels by time:
     D:1: 1025 daAuts
     D:3: 903 daAuts
     D:2: 833 daAuts
     D:4: 341 daAuts
